 Dungeon Crawl Stone Soup version 0.16.1-51-g6203257 (webtiles) character file.

54 Resheph the Skirmisher (level 3, 0/34 HPs)
             Began as a Minotaur Berserker on July 11, 2015.
             Was a Believer of Trog.
             Slain by a gnoll
             ... wielding a +0 spear
              (3 damage)
             ... on level 2 of the Dungeon.
             The game lasted 00:06:09 (880 turns).

Resheph the Skirmisher (Minotaur Berserker)          Turns: 880, Time: 00:06:10

Health: 0/34       AC:  1    Str: 22    XL:     3   Next: 66%
Magic:  2/2        EV: 12    Int:  4    God:    Trog [**....]
Gold:   39         SH:  0    Dex:  9    Spells: 0 memorised, 2 levels left

rFire  + . .     SeeInvis .     a - +0 falchion
rCold  . . .     Clarity  .     b - +0 animal skin
rNeg   . . .     SustAb   .     (no shield)
rPois  .         Gourm    .     (helmet restricted)
rElec  .         Spirit   .     (no cloak)
rCorr  .         Warding  .     (no gloves)
rMut   .         Stasis   .     (no boots)
MR     .....                    (no amulet)
Stlth  +.........               (no ring)
                                d - ring of protection from fire (curse)

@: not resistant to hostile enchantments, very unstealthy
A: retaliatory headbutt, horns 2, blink 1, deformed body, forlorn
a: Blink, Burn Spellbooks, Berserk, Trog's Hand, Renounce Religion


You were on level 2 of the Dungeon.
You worshipped Trog.
Trog was pleased with you.
You were not hungry.

You visited 1 branch of the dungeon, and saw 2 of its levels.

You collected 39 gold pieces.

Inventory:

Hand weapons
 a - a +0 falchion (weapon)
Armour
 b - a +0 animal skin (worn)
Jewellery
 d - a cursed ring of protection from fire (left hand)
Scrolls
 e - 2 scrolls of teleportation {unknown}
 g - a scroll of identify
Potions
 h - a potion of heal wounds
Comestibles
 c - a bread ration
 f - a meat ration


   Skills:
 + Level 4.4 Fighting
 + Level 4.4 Long Blades
 + Level 2.6 Armour
 + Level 2.9 Dodging


You had 2 spell levels left.
You didn't know any spells.

Dungeon Overview and Level Annotations

Branches:
Dungeon (2/15)

Altars:
Dithmenos


Innate Abilities, Weirdness & Mutations

You reflexively headbutt those who attack you in melee.
You have a pair of horns on your head.
You can translocate small distances at will.
Armour fits poorly on your strangely shaped body.
You have difficulty communicating with the divine.


Message History

The gnoll barely misses you.
You hit the gnoll.
You kill the gnoll!
Trog accepts your kill. The gnoll barely misses you.
The gnoll hits you with a spear.
Things that are here:
a flail; a gnoll corpse You barely miss the gnoll.
You headbutt the gnoll, but do no damage.
The gnoll misses you.
You hit the gnoll but do no damage. The gnoll misses you.
You hit the gnoll.
The gnoll is lightly wounded.
The gnoll hits you with a spear!
* * * LOW HITPOINT WARNING * * *
You barely miss the gnoll. Your headbutt misses the gnoll.
The gnoll is lightly wounded.
The gnoll hits you with a spear.
You die...

#............#...#.######
#.......##<###.#.#.######
+..............#.........
#..............#.........
##.####$.......#.........
#..$.....#.........
#†.......#....<....
#........#.........
#)@......#.........
#......g......#.........
#.....#.................
#.....+........#...)....
#.....#........#........
.....#.....#......#..##
.........###........# .
.##..# #..##....## .
..###......


You could see a gnoll.

Vanquished Creatures
  2 gnolls (D:2)
  A giant gecko (D:2)
  3 bats
  2 giant cockroaches
  A hobgoblin (D:1)
  2 jackals (D:1)
  3 giant newts
  6 goblins (D:1)
  9 kobolds
  6 rats
35 creatures vanquished.

Notes
Turn   | Place    | Note
--------------------------------------------------------------
     0 | D:1      | Resheph, the Minotaur Berserker, began the quest for the Orb.
     0 | D:1      | Reached XP level 1. HP: 19/19 MP: 1/1
    93 | D:1      | Reached XP level 2. HP: 2/27 MP: 1/1
    95 | D:1      | Reached skill level 4 in Long Blades
   519 | D:1      | Gained mutation: You have difficulty communicating with the divine. [potion of mutation]
   519 | D:1      | Gained mutation: You can translocate small distances at will. [potion of mutation]
   519 | D:1      | Gained mutation: Armour fits poorly on your strangely shaped body. [potion of mutation]
   733 | D:2      | Found a shadowy altar of Dithmenos.
   812 | D:2      | Acquired Trog's second power
   812 | D:2      | Reached XP level 3. HP: 31/33 MP: 2/2
   880 | D:2      | Slain by a gnoll

Action                   || total
-------------------------++-------
Melee: Falchion          ||    74
  Use: Scroll            ||     3
       Potion            ||     3
